 Dungeon Crawl Stone Soup version 0.22-a0-247-gbddf880 (webtiles) character file.

39157 b5mith the Carver (level 13, -11/124 HPs)
             Began as a Minotaur Berserker on Feb 25, 2018.
             Was the Champion of Trog.
             Killed from afar by a deep elf knight (48 damage)
             ... with a stone arrow
             ... on level 14 of the Dungeon.
             The game lasted 00:47:46 (16150 turns).

b5mith the Carver (Minotaur Berserker)             Turns: 16150, Time: 00:47:46

Health: -11/124    AC: 12    Str: 26    XL:     13   Next: 67%
Magic:  12/12      EV: 18    Int:  6    God:    Trog [******]
Gold:   782        SH:  0    Dex: 11    Spells: 12/12 levels left

rFire    . . .     SeeInvis +   Y - +4 great sword (elec)
rCold    . . .     Gourm    .   (shield currently unavailable)
rNeg     . . .     Faith    .   s - +3 leather armour {MR+}
rPois    .         Spirit   .   (helmet restricted)
rElec    .         Reflect  .   (no cloak)
rCorr    .         Harm     +   w - +0 pair of gloves
MR       +....                  K - +1 pair of boots
Stlth    +.........             y - amulet of harm
HPRegen  0.30/turn              v - ring of see invisible
MPRegen  0.13/turn              X - +2 ring of intelligence

@: no status effects
A: retaliatory headbutt, horns 2
a: Berserk, Trog's Hand, Brothers in Arms, Renounce Religion


You were on level 14 of the Dungeon.
You worshipped Trog.
Trog was exalted by your worship.
You were not hungry.

You visited 1 branch of the dungeon, and saw 14 of its levels.

You collected 1091 gold pieces.
You spent 309 gold pieces at shops.

Inventory:

Hand Weapons
 a - a +4 long sword
 U - a +3 scimitar of flaming
 Y - a +4 great sword of electrocution (weapon)
 Z - a +4 long sword
Missiles
 k - 13 tomahawks (quivered)
 z - 3 exploding tomahawks
 F - 7 javelins
 J - 2 poisoned tomahawks
Armour
 b - a +0 animal skin
 h - a +0 ring mail
 s - a +3 leather armour of magic resistance (worn)
 w - a +0 pair of gloves (worn)
 K - a +1 pair of boots (worn)
Jewellery
 o - an uncursed amulet of the acrobat
 v - a ring of see invisible (left hand)
 y - an amulet of harm (around neck)
 C - an uncursed ring of resist corrosion
 L - an uncursed ring of fire
 X - a +2 ring of intelligence (right hand)
Wands
 u - a wand of iceblast (8)
 E - a wand of digging (7)
 H - a wand of polymorph (6)
 R - a wand of flame (29)
 W - a wand of enslavement (21)
Scrolls
 e - 2 scrolls of teleportation
 f - 3 scrolls of enchant weapon
 g - 7 scrolls of remove curse {@r2}
 m - 2 scrolls of fog
 p - 5 scrolls of identify {@r1}
 q - a scroll of vulnerability {unknown}
 x - 2 scrolls of fear
 B - a scroll of enchant armour {unknown}
 D - 3 scrolls of blinking
 I - a scroll of immolation {unknown}
 N - 2 scrolls of holy word
 T - a scroll of acquirement {unknown}
Potions
 d - 3 potions of heal wounds
 i - 4 potions of brilliance
 j - 3 potions of curing {@q1}
 l - 3 potions of flight
 n - a potion of ambrosia {unknown}
 r - a potion of degeneration {unknown}
 t - 2 potions of haste {unknown}
 A - 5 potions of mutation
 O - 3 potions of cancellation
 Q - 2 potions of lignification {unknown}
 S - 2 potions of might {unknown}
Comestibles
 c - 17 rations
 G - 8 chunks of flesh


   Skills:
 + Level 14.2 Fighting
 + Level 14.2 Long Blades
 + Level 14.0 Armour
 + Level 13.0 Dodging


You had 12 spell levels left.
You didn't know any spells.

Dungeon Overview and Level Annotations

Branches:
Dungeon (14/15)            Temple (0/1) D:4            Lair (0/6) D:9
    Orc (0/2) D:11         Vaults (0/5) D:13

Altars:
Ashenzari
Cheibriados
Makhleb
Okawaru
Uskayaw
Yredelemnul
Zin
The Shining One

Shops:
D:4 *   D:7 ?   D:11 **=

Portals:
Trove: D:13 (give 2 scrolls of acquirement)

Annotations:
D:3 1 runed door


Innate Abilities, Weirdness & Mutations

You reflexively headbutt those who attack you in melee.
You have a pair of horns on your head.


Message History

You now have 782 gold pieces (gained 19).
Items here: ( ) [ † a dire flail of venom; 15 stones; a plate armour; an orc corpse You butcher the orc corpse.
You feel sick.
G - 15 chunks of flesh (gained 2)
Things that are here:
a dire flail of venom; 15 stones; a plate armour Some of the chunks of flesh in your inventory have rotted away.
You start resting.
You feel sick. x2
You are no longer poisoned.
You start resting.
A deep elf knight comes into view.
It is wielding a quarterstaff of holy wrath.
A deep elf knight is nearby!
The deep elf knight shouts!
The deep elf knight casts a spell.
The deep elf knight seems to speed up.
The deep elf knight casts a spell at you.
The stone arrow hits you!
You die...

...........#.(...#
...c.......#.(...#
.....#.#...#.(...#
.#.#.......#.....#
.............(.H.#
.................#
>.........^((....#
.....#.#.........#
.....#.#.(..))..@######'#
.......#...).).(.#.......
.......#(........e....(e.
......(#.................
..(....(()..........##...
##......(.#........... .
..........(........####
..........#..........
..........#.#########


You could see a deep elf knight and a hippogriff.

Vanquished Creatures
  Josephine (D:10)
  Harold (D:11)
  3 hydras
  Erica (D:11)
  4 centaur warriors
  2 dancing weapons (D:13)
  5 two-headed ogres
  3 unseen horrors
  2 wizards
  Pikel (D:4)
  An orc knight (D:14)
  2 manticores
  An ugly thing (D:11)
  9 slime creatures
  4 cyclopes
  A deep elf mage (D:11)
  2 centaur zombies
  Psyche (D:10)
  2 gargoyles
  A kobold demonologist (D:12)
  2 efreet
  A freezing wraith (D:14)
  4 trolls
  Prince Ribbit (D:5)
  4 hornets
  5 hippogriffs
  A shadow (D:12)
  A vampire (D:12)
  5 wraiths
  6 yaks (D:9)
  2 humans (D:8)
  2 wyverns (D:11)
  2 hungry ghosts
  A steam dragon (D:10)
  4 vampire mosquitoes
  4 wargs (D:10)
  Duvessa (D:4)
  3 acid dragons
  2 water moccasins
  A soldier ant (D:10)
  10 orc warriors
  8 ice beasts
  4 sky beasts
  A slave (D:4)
  2 eyes of draining
  4 black bears
  3 phantoms
  A hornet zombie (D:5)
  A necrophage (D:13)
  4 ogres
  16 centaurs
  A big kobold (D:12)
  2 crocodiles
  10 bullfrogs
  A gnoll sergeant (D:10)
  2 wyvern zombies
  A water moccasin skeleton (D:6)
  A scorpion (D:11)
  5 killer bees (D:12)
  6 howler monkeys
  16 wights
  10 crimson imps
  2 bullfrog zombies
  Crazy Yiuf (D:4)
  5 jellies
  4 hounds
  A gnoll shaman (D:8)
  11 orc priests
  6 bullfrog skeletons
  14 orc wizards
  6 centaur skeletons
  2 iguanas
  9 worker ants
  A hound zombie (D:11)
  A hound skeleton (D:7)
  A howler monkey zombie (D:9)
  2 worker ant zombies
  11 adders
  7 gnolls
  A howler monkey skeleton (D:6)
  A shadow imp (D:5)
  2 oozes
  3 adder skeletons
  3 worms
  8 dart slugs
  11 leopard geckos
  44 orcs
  3 giant cockroaches (D:3)
  11 goblins
  9 hobgoblins
  19 jackals
  12 kobolds
  3 quokkas
  A ball python (D:1)
  8 bats
  2 frilled lizards
  A giant cockroach zombie (D:3)
  2 jackal skeletons
  A quokka skeleton (D:3)
  A quokka zombie (D:8)
  7 rats
445 creatures vanquished.

Vanquished Creatures (others)
  2 slaves (D:4)
  Dowan (D:4)
3 creatures vanquished.

Grand Total: 448 creatures vanquished

Notes
Turn   | Place    | Note
-------+----------+-------------------------------------------
     0 | D:1      | b5mith the Minotaur Berserker began the quest for the Orb.
     0 | D:1      | Reached XP level 1. HP: 19/19 MP: 0/0
    76 | D:1      | Reached XP level 2. HP: 27/27 MP: 1/1
   198 | D:1      | Reached ** piety under Trog
   198 | D:1      | Reached XP level 3. HP: 26/33 MP: 2/2
   984 | D:2      | Found a snail-covered altar of Cheibriados.
  1007 | D:2      | Reached XP level 4. HP: 41/41 MP: 3/3
  1286 | D:2      | Found a basalt altar of Yredelemnul.
  1542 | D:3      | Reached *** piety under Trog
  1542 | D:3      | Reached XP level 5. HP: 47/47 MP: 4/4
  1600 | D:3      | Found a runed door.
  1600 | D:3      | Noticed an angel
  1602 | D:3      | Found a burning altar of Makhleb.
  1769 | D:3      | Found a glowing golden altar of the Shining One.
  1881 | D:3      | Found a hide-covered altar of Uskayaw.
  1982 | D:3      | Reached skill level 5 in Fighting
  1982 | D:3      | Reached skill level 5 in Long Blades
  2284 | D:3      | Reached XP level 6. HP: 53/56 MP: 5/5
  2703 | D:4      | Found a runed door.
  2749 | D:4      | Found a staircase to the Ecumenical Temple.
  2847 | D:4      | Found Syibastiado's General Store.
  2858 | D:4      | Noticed a slave
  2859 | D:4      | Noticed a slave
  2860 | D:4      | Noticed a slave
  2863 | D:4      | Noticed a slave
  2865 | D:4      | Noticed Pikel
  2865 | D:4      | Noticed Duvessa
  2879 | D:4      | Noticed Dowan
  2880 | D:4      | Killed a slave
  2896 | D:4      | Killed Pikel
  2896 | D:4      | Reached skill level 5 in Armour
  2896 | D:4      | Reached skill level 5 in Dodging
  2896 | D:4      | Reached XP level 7. HP: 15/63 MP: 6/6
  3151 | D:4      | Killed Duvessa
  3159 | D:4      | Killed Dowan
  3184 | D:4      | Bought an uncursed ring of see invisible for 165 gold pieces
  3434 | D:4      | Noticed Crazy Yiuf
  3439 | D:4      | Killed Crazy Yiuf
  3463 | D:5      | Entered Level 5 of the Dungeon
  3507 | D:5      | Reached XP level 8. HP: 71/71 MP: 7/7
  3509 | D:5      | Reached **** piety under Trog
  3770 | D:5      | Found a glowing silver altar of Zin.
  4578 | D:5      | Noticed Prince Ribbit
  4581 | D:5      | Killed Prince Ribbit
  4933 | D:6      | Reached XP level 9. HP: 60/81 MP: 8/8
  5685 | D:7      | Paralysed by fainting for 11 turns
  5700 | D:7      | Paralysed by fainting for 5 turns
  5706 | D:7      | Paralysed by fainting for 7 turns
  5770 | D:7      | Found Guynk's Magic Scroll Shoppe.
  6430 | D:8      | Reached ***** piety under Trog
  6473 | D:8      | Noticed a two-headed ogre
  6488 | D:8      | Killed a two-headed ogre
  6488 | D:8      | Reached XP level 10. HP: 90/91 MP: 9/9
  6490 | D:8      | Received a gift from Trog
  6839 | D:8      | Noticed a two-headed ogre
  6848 | D:8      | Killed a two-headed ogre
  7066 | D:8      | Found an iron altar of Okawaru.
  7078 | D:8      | Reached skill level 10 in Long Blades
  7140 | D:9      | Reached skill level 10 in Fighting
  7187 | D:9      | Reached skill level 10 in Armour
  7724 | D:9      | Noticed a seven-headed hydra
  7754 | D:9      | Killed a 12-headed hydra
  7754 | D:9      | Reached XP level 11. HP: 33/101 MP: 10/10
  8082 | D:9      | Found a shattered altar of Ashenzari.
  8142 | D:9      | Found a staircase to the Lair.
  8317 | D:10     | Entered Level 10 of the Dungeon
  8575 | D:10     | Noticed a two-headed ogre
  8583 | D:10     | Killed a two-headed ogre
  8823 | D:10     | Noticed Psyche
  8830 | D:10     | Killed Psyche
  8900 | D:10     | Noticed Josephine
  8911 | D:10     | Killed Josephine
  8911 | D:10     | Reached skill level 10 in Dodging
  9100 | D:10     | Received a gift from Trog
  9792 | D:10     | Noticed an unseen horror
  9794 | D:10     | Killed an unseen horror
  9891 | D:10     | Noticed a two-headed ogre
  9897 | D:10     | Killed a two-headed ogre
  9913 | D:10     | Paralysed by a hornet for 2 turns
 10916 | D:11     | Noticed Harold
 10944 | D:11     | Killed Harold
 10960 | D:11     | Found a staircase to the Orcish Mines.
 11030 | D:11     | Reached XP level 12. HP: 50/112 MP: 11/11
 11315 | D:11     | Found Zinguip's Assorted Antiques.
 11349 | D:11     | Found Jucwetoch's Assorted Antiques.
 11387 | D:11     | Bought a scroll of teleportation for 72 gold pieces
 11387 | D:11     | Bought a scroll of teleportation for 72 gold pieces
 11806 | D:11     | Noticed Erica
 11812 | D:11     | Killed Erica
 11891 | D:11     | Found Mebre's Jewellery Boutique.
 11938 | D:11     | Received a gift from Trog
 12332 | D:11     | Noticed a centaur warrior
 12342 | D:11     | Killed a centaur warrior
 13205 | D:12     | Found a labyrinth entrance.
 13470 | D:12     | Noticed a centaur warrior
 13481 | D:12     | Killed a centaur warrior
 13539 | D:12     | Noticed a two-headed ogre
 13550 | D:12     | Killed a two-headed ogre
 13550 | D:12     | Reached XP level 13. HP: 60/122 MP: 12/12
 14512 | D:13     | Reached ****** piety under Trog
 14585 | D:13     | Found a portal to a secret trove of treasure.
 14775 | D:13     | Received a gift from Trog
 14878 | D:13     | Found a gate to the Vaults.
 16150 | D:14     | Killed from afar by a deep elf knight

Vault maps used:
D:1:      evilmike_arrival_crescent
D:2:      cheibriados_altar_1, nicolae_overflow_crystal_walls
D:3:      eat_drink_and_be_merry_uskayaw, lemuel_round_altar, serial_undead,
          serial_undead_e, serial_undead_c, serial_undead_d, serial_undead_b,
          st_stairs_12, lemuel_angel_altar
D:4:      minmay_temple_entry_statues, serial_shops,
          nicolae_shop_temple_entry_statues_fountains, uniq_pikel, uniq_duvessa,
          uniq_crazy_yiuf_cottage
D:5:      kennysheep_mini, first_ration, uniq_prince_ribbit1
D:7:      serial_shops, shop
D:8:      okawaru_humans
D:9:      ashenzari_altar_1, lair_entry_dummy
D:10:     hangedman_pestilent_swarm, minmay_misc_feat_ornament, minivault_10,
          nooodl_orcs_dogs, uniq_josephine, uniq_psyche
D:11:     minmay_the_grid_triangle_9x9_rhombus_full, serial_shops, shop_coins,
          shop, shop, corexii_leaking_fountain, uniq_harold, uniq_erica
D:12:     minmay_dotted_concentric_squares, lab_entry_generic, enter_bailey_3
D:13:     erik_vaults_1, nicolae_trove_entry_free_sample, amethyst_killhole
D:14:     evilmike_horseshoe

Skill      XL: |  1  2  3  4  5  6  7  8  9 10 11 12 13 |
---------------+----------------------------------------+-----
Fighting       | 4 5 6 7 9 10 12 13 14 | 14.2
Long Blades    | 4 5 6 8 9 10 12 13 14 | 14.2
Armour         | 3 4 5 6 7 9 10 11 13 14 | 14.0
Dodging        | 3 5 6 8 9 10 12 13 | 13.0

Action                   |  1- 3 |  4- 6 |  7- 9 | 10-12 | 13-15 || total
-------------------------+-------+-------+-------+-------+-------++-------
Melee: Falchion          |    59 |   163 |   253 |   372 |       ||   847
       Headbutt          |    10 |    38 |    69 |   139 |    42 ||   298
       Long sword        |       |       |       |    43 |       ||    43
       Scimitar          |       |       |       |   137 |   105 ||   242
       Great sword       |       |       |       |       |    72 ||    72
Throw: Tomahawk          |       |       |       |    39 |    18 ||    57
Invok: Berserk           |       |     2 |     3 |    10 |     5 ||    20
  Use: Scroll            |       |       |     5 |     8 |     6 ||    19
       Potion            |       |       |       |     1 |     2 ||     3
  Eat: Chunk             |       |     8 |    10 |    11 |     4 ||    33
       Ration            |       |       |     2 |     7 |     2 ||    11
Armor: Animal skin       |     9 |       |       |       |       ||     9
       Ring mail         |     4 |    40 |     1 |       |       ||    45
       Leather armour    |       |       |    64 |    98 |    48 ||   210
Dodge: Dodged            |    36 |    98 |   149 |   319 |   153 ||   755
       Rpst.: Falchion   |    12 |    26 |    41 |    46 |       ||   125
       Long sword        |       |       |       |     8 |       ||     8
       Scimitar          |       |       |       |    15 |    16 ||    31
       Great sword       |       |       |       |       |     9 ||     9

Table legend:
 A = Spawn XP
 B = Non-spawn XP
 C = Spawn XP percentage of total XP
 D = Spawn monster count
 E = Non-spawn monster count
 F = Spawn count percentage of total count
 G = Total turns spent on level
                    A         B        C        D         E        F      G
               +---------+---------+-------+---------+---------+-------+---------
         Total |       0 |   55939 |   0.0 |       0 |     444 |   0.0 | 16150
               +---------+---------+-------+---------+---------+-------+---------
           D:1 |       0 |      70 |   0.0 |       0 |      32 |   0.0 |   975
           D:2 |       0 |     108 |   0.0 |       0 |      19 |   0.0 |   540
           D:3 |       0 |     248 |   0.0 |       0 |      45 |   0.0 |  1383
           D:4 |       0 |     938 |   0.0 |       0 |       7 |   0.0 |   565
           D:5 |       0 |    1280 |   0.0 |       0 |      42 |   0.0 |  1358
           D:6 |       0 |     742 |   0.0 |       0 |      13 |   0.0 |   605
           D:7 |       0 |     579 |   0.0 |       0 |      12 |   0.0 |   728
           D:8 |       0 |    3788 |   0.0 |       0 |      40 |   0.0 |   953
           D:9 |       0 |    3756 |   0.0 |       0 |      30 |   0.0 |  1424
          D:10 |       0 |    8383 |   0.0 |       0 |      52 |   0.0 |  2322
          D:11 |       0 |   10919 |   0.0 |       0 |      47 |   0.0 |  2133
          D:12 |       0 |   12404 |   0.0 |       0 |      55 |   0.0 |  1405
          D:13 |       0 |    7148 |   0.0 |       0 |      30 |   0.0 |  1337
          D:14 |       0 |    5576 |   0.0 |       0 |      20 |   0.0 |   422
               +---------+---------+-------+---------+---------+-------+---------
